 Dungeon Crawl Stone Soup version 0.31-a0-692-gf03d1854d5 (webtiles) character file.

Game seed: 4495917958682698848

32 qw the Shooter (level 3, -3/22 HPs)
             Began as a Gargoyle Hunter on Sept 6, 2023.
             Slain by a cerulean imp
             ... wielding a +2 spear
             ... summoned by Natasha
              (5 damage)
             ... on level 2 of the Dungeon.
             The game lasted 00:00:25 (984 turns).

qw the Shooter (Gargoyle Hunter)                     Turns: 984, Time: 00:00:26

Health: -3/22      AC:  8    Str: 14    XL:     3   Next: 27%
Magic:  3/3        EV: 10    Int:  9    God:
Gold:   79         SH:  0    Dex: 15    Spells: 2/2 levels left

rFire   . . .        Y - +0 shortbow
rCold   . . .        (shield currently unavailable)
rNeg    + . .        h - +0 ring mail
rPois   inf          (no helmet)
rElec   +            (no cloak)
rCorr   .            (no gloves)
SInv    +            (no boots)
Will    .....        (no amulet)
Stlth   +            f - ring of see invisible
HPRegen 0.23/turn    (no ring)
MPRegen 0.08/turn

%: no passive effects
@: slowed, very slow
A: sickness immunity, AC +3, negative energy resistance 1, electricity
resistance, torment resistance 1, petrification resistance
a: no special abilities


You were on level 2 of the Dungeon.
You visited 1 branch of the dungeon, and saw 2 of its levels.

You collected 79 gold pieces.


Innate Abilities, Weirdness & Mutations

You are immune to sickness and miasma.
Your stone body is resilient. (AC +3)
You are immune to poison.
You resist negative energy. (rN+)
You are resistant to electric shocks. (rElec)
You are resistant to unholy torment.
You are immune to petrification.


   Skills:
 - Level 2.3 Fighting
 - Level 5.0 Ranged Weapons
 + Level 0.0 Armour
 - Level 1.5 Dodging
 - Level 1.1 Stealth


You had 2 spell levels left.
You didn't know any spells.
Your spell library was empty.

Inventory:

Hand Weapons
 Y - a +0 shortbow (weapon)
Armour
 h - a +0 ring mail (worn)
Jewellery
 f - a ring of see invisible (left hand)
Potions
 g - a potion of haste {unknown}

Dungeon Overview and Level Annotations

Branches:
Dungeon (2/15)

Altars:

Shops:
D:1 =

Annotations:
D:2 Natasha


Message History

977 |||
Found retreat position at 0,1 (floor) with 0 blocking monsters and 1 monsters attacking at destination at distance 1
977 ||| Stepping ~*~*~tactically~*~*~ (retreating).
Natasha closely misses you.
You shoot an arrow.
The arrow hits Natasha but does no damage.
Natasha is lightly wounded.
Natasha stares at you and mumbles some strange words.
You resist with significant effort. Natasha casts a spell at you.
You feel as though you will be slow longer.
You shoot an arrow. The arrow hits Natasha!
Natasha is severely wounded.
Natasha casts a spell.
Natasha claws you.
You shoot an arrow. The arrow barely misses Natasha.
The arrow hits the gnoll.
The gnoll is lightly wounded.
Natasha casts a spell at you. The magic dart hits you!
Natasha closely misses you.
You shoot an arrow.
The arrow hits Natasha but does no damage.
Natasha is severely wounded.
Natasha closely misses you.
You shoot an arrow. The arrow misses Natasha.
The arrow barely misses the gnoll.
Natasha barely misses you. Natasha closely misses you.
You shoot an arrow. The arrow hits Natasha.
Natasha is severely wounded.
Natasha misses you.
The cerulean imp hits you from afar with a +2 spear.
Natasha mumbles some strange words.
You feel troubled. Natasha claws you.
The cerulean imp hits you but does no damage.
You shoot an arrow.
The arrow hits Natasha but does no damage.
Natasha is severely wounded.
Natasha closely misses you.
The cerulean imp hits you from afar with a +2 spear.
Natasha mumbles some strange words.
The cerulean imp hits you from afar with a +2 spear.
You die...

# .####
....#
#..#.#
.....##
###5......
#g5.....#
#h#.....#
#@#g....#
#<#.....#
###.g...#
.g.....
.......
....[..


You could see Natasha, a gnoll and 2 cerulean imps.

Vanquished Creatures
  3 ball pythons (D:1)
  An endoplasm (D:1)
  2 giant cockroaches (D:1)
  A goblin (D:1)
  3 hobgoblins (D:1)
  6 jackals (D:1)
  2 quokkas (D:1)
  2 bats (D:1)
  2 frilled lizards (D:1)
  4 kobolds (D:1)
  3 rats (D:1)
29 creatures vanquished.

Notes
Turn   | Place    | Note
-------+----------+-------------------------------------------
     0 | D:1      | qw the Gargoyle Hunter began the quest for the Orb.
     0 | D:1      | Reached XP level 1. HP: 12/12 MP: 1/1
     0 | D:1      | 0 ||| qw: Version: 0.3-a-76-g4403597
     0 | D:1      | 0 ||| qw: Game counter: 253
     0 | D:1      | 0 ||| qw: Melee chars always use a shield: true
     0 | D:1      | 0 ||| qw: God list: Okawaru
     0 | D:1      | 0 ||| qw: Allow faded altars: false
     0 | D:1      | 0 ||| qw: Do Orc after clearing Dungeon:15 true
     0 | D:1      | 0 ||| qw: Do second Lair branch before Depths: true
     0 | D:1      | 0 ||| qw: Lair rune preference: random
     0 | D:1      | 0 ||| qw: Goals: Normal
     0 | D:1      | 0 ||| PLANNING D:1-11
    84 | D:1      | Reached XP level 2. HP: 13/17 MP: 2/2
   219 | D:1      | Found Vyneusiu's Jewellery Shop.
   232 | D:1      | 232 ||| SHOPLISTING +4 ring of slaying (780 gold, have 12).
   232 | D:1      | 232 ||| SHOPLISTING +6 ring of dexterity (360 gold, have
                  | 12).
   232 | D:1      | 232 ||| SHOPLISTING amulet of regeneration (300 gold, have
                  | 12).
   232 | D:1      | 232 ||| SHOPLISTING ring "Hyteopsi" {Wiz rPois rF+ rN++
                  | Str-5} (482 gold, have 12).
   232 | D:1      | 232 ||| SHOPLISTING ring of resist corrosion (200 gold,
                  | have 12).
   232 | D:1      | 232 ||| SHOPLISTING ring of the Ancients {rF- rCorr Str+8
                  | Int-3 Slay+3 SInv} (473 gold, have 12).
   561 | D:1      | Reached XP level 3. HP: 21/21 MP: 3/3
   628 | D:1      | Reached skill level 5 in Ranged Weapons
   906 | D:1      | 906 ||| UPGRADING to +0 ring mail.
   916 | D:1      | 916 ||| DROPPING +0 leather armour.
   917 | D:1      | 917 ||| UPGRADING to ring of see invisible.
   918 | D:1      | 918 ||| READING scroll labelled ESUWACW XIOWI.
   921 | D:1      | 921 ||| READING scroll labelled HAPNONT EWOSM.
   922 | D:1      | 922 ||| DROPPING scroll of butterflies.
   970 | D:2      | Noticed Natasha
   971 | D:2      | 971 ||| RETREATING.
   977 | D:2      | 977 ||| Stepping ~*~*~tactically~*~*~ (retreating).
   983 | D:2      | HP: 3/22 [Natasha (3)]
   984 | D:2      | Slain by a cerulean imp

Levels and vault maps discovered:
D:1:      sevenhm_arrival_forest_fort_small_4, layout_basic, serial_shops,
          nicolae_shop_gaudy_bauble, corexii_item_surrounded_by_moat,
          minmay_misc_feat_diagonals
D:2:      layout_basic, serial_forest, infiniplex_forest_clump_medium,
          infiniplex_forest_lined_2, infiniplex_forest_lined_room_,
          infiniplex_forest_lined_ring, infiniplex_forest_corner_1,
          uniq_sigmund, uniq_natasha

Skill      XL: |  1  2  3 |
---------------+----------+-----
Ranged Weapons | 5 |  5.0
Fighting       | |  2.3
Dodging        | |  1.5
Stealth        | |  1.1

Action                     || total
---------------------------++-------
   Fire: Shortbow          ||   123
    Use: Scroll            ||     2
 Armour: Leather armour    ||    42
         Ring mail         ||    11
  Dodge: Dodged            ||    59

Table legend:
 A = Non-vault XP
 B = Vault XP
 C = Vault XP percentage of total XP
 D = Non-vault monster count
 E = Vault monster count
 F = Vault count percentage of total count
                 A         B        C        D         E       F
            +---------+---------+-------+---------+---------+-------
      Total |      47 |       0 |   0.0 |      29 |       0 |   0.0
            +---------+---------+-------+---------+---------+-------
        D:1 |      47 |       0 |   0.0 |      29 |       0 |   0.0
            +---------+---------+-------+---------+---------+-------
